Map: Black Site 2E

Players

ThetaWaves

  • Race: Protoss Protoss
  • League: Diamond
  • Spawn Location: 6:00

Novitatis

  • Race: Terran Terran
  • Spawn Location: 3:00

Gammawaves

  • Race: Zerg Zerg
  • Spawn Location: 5:00

Adroit

  • Race: Zerg Zerg
  • Spawn Location: 11:00

KingDrizzle

  • Race: Zerg Zerg
  • League: Platinum
  • Spawn Location: 9:00

Deadshot

  • Race: Protoss Protoss
  • Spawn Location: 12:00

VOD

Have the link to the VOD?

Description

Time

  • Played on: Sept. 5, 2017, 11:38 p.m.
  • Length: 10:18
Show
View Real Time Build Order
Export as new Build Order

ThetaWaves Protoss 

Build Orders: Cannon Rush 

Get SALT Encoding   

  12  0:00  Probe (Chrono Boost)  
  13  0:11  Probe (Chrono Boost)  
  14  0:23  Pylon  
  14  0:24  Probe (Chrono Boost)  
  15  0:41  Forge  
  15  0:43  Probe (Chrono Boost)  
  16  0:52  Pylon  
  16  0:53  Probe (Chrono Boost)  
  18  1:04  Probe (Chrono Boost)  
  18  1:19  Photon Cannon  
  18  1:20  Pylon  
  18  1:21  Probe (Chrono Boost)  
  19  1:32  Probe (Chrono Boost)  
  20  1:36  Pylon  
  20  1:39  Photon Cannon  
  20  1:51  Probe (Chrono Boost)  
  21  1:59  Photon Cannon  
  21  2:03  Pylon  
  22  2:10  Pylon  
  21  2:17  Probe (Chrono Boost)  
  21  2:18  Gateway  
  22  2:25  Photon Cannon  
  22  2:27  Probe (Chrono Boost)  
  23  2:32  Photon Cannon  
  23  2:38  Probe (Chrono Boost)  
  24  2:48  Probe (Chrono Boost), Assimilator  
  24  2:50  Assimilator  
  25  3:05  Photon Cannon  
  25  3:07  Pylon  
  25  3:09  Probe (Chrono Boost)  
  26  3:18  Cybernetics Core  
  26  3:40  Probe (Chrono Boost)  
  27  3:43  Gateway  
  27  3:45  Pylon  
  27  3:57  Pylon  
  27  4:00  Probe (Chrono Boost), Protoss Ground Weapons Level 1 (Chrono Boost)  
  27  4:02  Warp Gate, Stalker  
  30  4:14  Probe  
  31  4:17  Photon Cannon  
  31  4:23  Pylon  
  31  4:26  Photon Cannon  
  31  4:30  Photon Cannon  
  31  4:37  Photon Cannon  
  22  5:01  Sentry, Stalker  
  22  5:02  Probe  
  27  5:17  Probe  
  28  5:28  Twilight Council  
  28  5:29  Probe  
  28  5:31  Gateway  
  29  5:41  Mothership Core  
  31  5:50  Protoss Ground Armor Level 1 (Chrono Boost)  
  31  6:02  Probe  
  32  6:05  Blink (Chrono Boost)  
  32  6:10  Stalker  
  32  6:11  Stalker  
  36  6:24  Probe  
  37  6:36  Stalker  
  37  6:37  Stalker  
  41  7:03  Sentry  
  43  7:31  Probe  
  44  7:46  Protoss Ground Weapons Level 2, Pylon  
  44  7:48  Pylon  
  44  7:50  Pylon  
  44  7:51  Pylon  
  44  8:02  Nexus  
  44  8:04  Pylon  
  44  8:09  Pylon  
  44  8:17  Stalker x2  
  44  8:18  Stalker  
  44  8:19  Pylon  
  50  8:41  Stalker x3  
  37  9:41  Pylon  
  37  9:44  Pylon, Stalker x2  
  41  9:45  Pylon  
  41  9:47  Pylon  
Show
View Real Time Build Order
Export as new Build Order

Novitatis Terran 

Build Orders:  

Get SALT Encoding   

  12  0:03  SCV  
  13  0:15  SCV  
  14  0:22  Supply Depot  
  14  0:27  SCV  
  15  0:43  SCV  
  15  0:49  Barracks  
  16  0:55  SCV  
  17  1:04  Refinery  
  17  1:08  SCV  
  18  1:25  SCV  
  18  1:27  Supply Depot  
  19  1:38  Orbital Command  
  19  1:52  Barracks Reactor  
  19  2:31  Factory  
  19  2:35  Marine  
  20  2:40  Marine  
  22  2:58  SCV  
  20  3:56  Engineering Bay  
  20  3:57  Hellion x2  
  24  4:07  Barracks Tech Lab  
  24  4:18  Hellion x2  
  28  4:40  Hellion  
  30  5:13  Hellion x2  
  18  5:32  Marine  
  18  5:34  Hellion  
  18  5:35  Hellion  
  11  5:41  SCV  
  11  5:50  Marine  
  11  5:53  SCV  
  11  5:56  Hellion x2  
  17  6:05  SCV  
  17  6:07  Marine  
  19  6:17  SCV, Hellion x2  
  24  6:25  Marine  
  24  6:29  SCV  
  26  6:38  Hellion  
  26  6:39  Hellion  
  30  6:42  SCV  
  31  6:54  SCV  
  32  7:00  Hellion x2  
  36  8:23  Factory  
  24  9:09  Missile Turret  
  28  9:12  Hellion x2  
  28  9:33  Hellion  
  28  9:34  Hellion  
  32  9:55  Hellion x2  
Show
View Real Time Build Order
Export as new Build Order

Gammawaves Zerg 

Build Orders: Hatch First 

Get SALT Encoding   

  12  0:01  Drone  
  13  0:10  Drone  
  14  0:35  Hatchery  
  13  0:45  Drone  
  14  0:51  Extractor  
  14  0:52  Drone  
  14  1:03  Spawning Pool  
  13  1:10  Overlord  
  13  1:17  Drone  
  14  1:29  Drone x2  
  16  1:35  Drone  
  17  1:44  Drone  
  18  1:49  Drone  
  19  1:54  Metabolic Boost  
  19  2:00  Zergling x4  
  21  2:08  Queen  
  23  2:19  Queen  
  25  2:31  Zergling x2  
  25  2:32  Zergling x4  
  28  2:53  Overlord x2  
  27  3:09  Overlord  
  27  3:12  Zergling x4  
  29  3:13  Zergling x6  
  29  3:16  Burrow  
  32  3:27  Zergling x8  
  36  3:43  Zergling x8  
  36  3:44  Zergling x2  
  39  4:01  Zergling x6  
  42  4:19  Baneling Nest  
  42  4:21  Zergling x6  
  42  4:22  Zergling x2  
  45  5:07  Baneling x4  
  45  5:08  Baneling x2  
  39  5:37  Zergling x2  
  39  5:38  Zergling x20  
  18  6:19  Zergling x12  
  13  6:44  Drone  
  13  6:45  Drone x6  
  18  7:24  Baneling  
  18  7:25  Baneling x6  
  18  7:27  Drone x4  
  18  7:28  Drone x5  
  27  8:21  Zergling x12  
  32  8:39  Queen  
  32  8:40  Queen  
  36  8:52  Hatchery  
Show
View Real Time Build Order
Export as new Build Order

Adroit Zerg 

Build Orders: Hatch First 

Get SALT Encoding   

  12  0:01  Drone  
  13  0:13  Overlord  
  13  0:18  Drone  
  14  0:32  Drone x2  
  16  0:38  Drone  
  17  0:57  Hatchery  
  17  0:59  Extractor  
  17  1:00  Drone  
  16  1:05  Drone  
  17  1:21  Spawning Pool  
  16  1:26  Drone  
  17  1:44  Drone x3  
  19  1:58  Drone  
  20  2:12  Metabolic Boost  
  20  2:13  Queen  
  22  2:22  Spine Crawler  
  21  2:24  Queen  
  21  2:28  Drone  
  24  2:41  Zergling x4  
  24  2:42  Zergling x4  
  28  3:07  Overlord x2  
  28  3:26  Zergling x10  
  34  3:27  Zergling x6  
  34  3:34  Zergling x2  
  37  3:35  Zergling x4  
  37  3:36  Zergling x2  
  40  3:43  Zergling x4  
  42  3:51  Drone  
  42  3:53  Baneling Nest  
  42  3:58  Zergling x2  
  42  3:59  Zergling x2  
  42  4:01  Overlord x2  
  43  4:25  Zergling x6  
  43  4:26  Zergling x6  
  45  4:46  Zergling x16  
  42  5:00  Zergling x4  
  44  5:08  Drone x2  
  39  5:21  Hatchery  
  37  5:28  Zergling x6  
  37  5:29  Zergling x6  
  42  5:42  Baneling  
  42  5:43  Baneling x2  
  42  5:44  Zergling x2  
  42  5:45  Zergling x6  
  46  5:52  Drone x2  
  48  5:58  Baneling x4  
  48  5:59  Baneling  
  43  6:18  Zergling x10  
  45  6:19  Zergling x2  
  45  6:37  Zergling x2  
  45  6:38  Zergling x8  
  48  6:42  Zergling x4  
  45  6:49  Queen, Zergling x2  
  47  7:01  Baneling x5  
  47  7:02  Baneling x6  
  47  7:03  Drone  
  48  7:09  Drone x2  
  48  7:10  Drone  
  48  7:18  Zergling x4  
  48  7:19  Zergling x2  
  44  7:41  Drone x4  
  44  7:42  Drone x3  
  44  7:43  Drone x2  
  48  7:57  Zergling x12  
  48  7:58  Zergling x2  
  53  8:04  Baneling x6  
  53  8:05  Baneling  
  53  8:16  Extractor  
  52  8:25  Extractor  
  51  8:27  Extractor  
  50  8:34  Extractor  
  50  8:35  Drone x7  
  50  8:36  Extractor  
  55  8:42  Hatchery, Lair  
  50  9:03  Zergling x12  
  50  9:04  Zergling x12  
  61  9:13  Zergling x8  
  61  9:15  Overlord  
  65  9:34  Zergling x2  
  65  9:35  Zergling x12  
  72  9:59  Zergling x10  
  78  10:00  Zergling x6  
Show
View Real Time Build Order
Export as new Build Order

KingDrizzle Zerg 

Build Orders: Hatch First 

Get SALT Encoding   

  12  0:01  Drone  
  13  0:13  Overlord  
  13  0:26  Drone  
  14  0:33  Drone x2  
  16  0:37  Drone  
  17  0:57  Hatchery  
  16  1:09  Spawning Pool  
  15  1:16  Drone x2, Extractor  
  16  1:21  Drone  
  17  1:36  Overlord  
  15  2:07  Zergling x6  
  17  2:09  Zergling x2  
  18  2:18  Zergling x2  
  18  2:20  Queen  
  18  2:21  Queen  
  23  2:24  Drone  
  24  2:40  Drone x2  
  26  2:44  Metabolic Boost  
  26  2:50  Drone  
  27  2:54  Drone  
  28  2:59  Drone  
  29  3:09  Drone  
  29  3:10  Drone x2  
  32  3:25  Drone  
  32  3:26  Drone x2  
  35  3:31  Overlord  
  32  3:50  Zergling x2  
  32  3:51  Zergling x10  
  32  3:54  Zergling x2  
  32  3:55  Zergling x2  
  38  4:01  Baneling Nest  
  38  4:02  Zergling x2  
  38  4:05  Zergling x4  
  38  4:07  Zergling x2  
  41  4:20  Zergling x2  
  41  4:21  Zergling x4  
  44  4:31  Overlord x2  
  43  5:07  Baneling x10  
  43  5:08  Baneling x3  
  39  5:33  Drone x2  
  31  6:02  Zergling x2  
  31  6:03  Roach Warren, Zergling x14  
  38  6:06  Extractor  
  38  6:07  Drone  
  38  6:08  Extractor  
  37  6:11  Lair  
  37  6:13  Extractor  
  37  6:15  Drone  
  37  6:16  Drone  
  38  6:25  Drone  
  39  6:26  Drone  
  39  6:32  Drone x6  
  46  6:45  Drone x2  
  48  6:50  Hatchery  
  47  6:54  Drone  
  47  6:55  Drone  
  47  7:15  Overlord x3  
  41  7:17  Glial Reconstitution  
  41  7:18  Roach  
  41  7:19  Roach x4  
  41  7:20  Roach  
  53  7:25  Roach  
  55  7:31  Roach  
  57  7:38  Roach  
  57  7:42  Roach  
  57  7:43  Evolution Chamber  
  60  7:45  Roach x3  
  60  7:46  Roach  
  60  7:51  Roach  
  70  7:53  Overlord x2  
  70  7:59  Roach  
  72  8:06  Roach x3  
  78  8:13  Roach x2  
  82  8:32  Roach x2  
  82  8:33  Roach  
  88  8:39  Drone x4  
  88  8:40  Drone  
  89  9:23  Drone x3  
  89  9:24  Drone  
  93  9:28  Hatchery, Hydralisk Den  
  91  9:33  Nydus Network, Drone x2  
  91  9:34  Drone  
  91  9:35  Hatchery  
  91  9:37  Drone x4  
  96  9:41  Overlord  
  90  10:10  Ravager x4  
  93  10:14  Ravager x2  
  93  10:15  Ravager  
Show
View Real Time Build Order
Export as new Build Order

Deadshot Protoss 

Build Orders: Nexus First 

Get SALT Encoding   

  12  0:02  Probe (Chrono Boost)  
  13  0:12  Probe (Chrono Boost)  
  14  0:19  Pylon  
  14  0:23  Probe (Chrono Boost)  
  15  0:37  Probe (Chrono Boost)  
  16  0:48  Probe (Chrono Boost)  
  17  0:58  Nexus  
  17  1:12  Gateway  
  17  1:14  Assimilator  
  17  1:21  Assimilator  
  15  2:25  Cybernetics Core  
  14  2:30  Probe (Chrono Boost)  
  14  2:45  Probe (Chrono Boost)  
  14  2:48  Probe (Chrono Boost)  
  16  2:53  Pylon  
  16  2:59  Probe (Chrono Boost)  
  16  3:02  Mothership Core (Chrono Boost)  
  19  3:40  Probe (Chrono Boost)  
  16  3:51  Probe (Chrono Boost)  
  16  3:53  Probe (Chrono Boost)  
  18  4:00  Stalker (Chrono Boost)  
  19  4:02  Probe (Chrono Boost)  
  19  4:12  Probe, Warp Gate  
  19  4:43  Probe  
  20  4:53  Probe  
  20  4:55  Stalker (Chrono Boost)  
  20  4:56  Assimilator  
  23  5:00  Assimilator  
  23  5:03  Pylon  
  23  5:05  Probe  
  24  5:17  Mothership Core  
  28  5:21  Stalker (Chrono Boost)  
  28  5:54  Robotics Facility  
  28  6:05  Gateway, Probe (Chrono Boost)  
  28  6:06  Gateway  
  28  6:07  Gateway  
  29  6:20  Stalker  
  29  6:24  Probe (Chrono Boost)  
  32  6:40  Pylon  
  32  6:45  Immortal (Chrono Boost)  
  36  6:52  Pylon  
  36  7:10  Stalker  
  38  7:16  Stalker  
  40  7:57  Immortal (Chrono Boost)  
  44  8:01  Stalker x3  
  50  8:10  Pylon  
  50  8:25  Stalker x2  
  54  8:37  Pylon  
  54  8:40  Observer (Chrono Boost)  
  55  8:49  Stalker  
  55  8:50  Stalker  
  59  9:06  Probe (Chrono Boost)  
  60  9:17  Probe (Chrono Boost)  
  61  9:28  Nexus  
  61  9:29  Probe (Chrono Boost)  
  62  9:39  Probe (Chrono Boost)  
  63  10:06  Probe (Chrono Boost)  
  64  10:11  Forge  
  64  10:13  Forge  
Tags
 
Add a new tag
Caveats
  • Supply blocks, unpowered buildings, or Contaminate may cause inaccurate times.
  • Supply counts are checked every 10 seconds.